 Dungeon Crawl Stone Soup version 0.22-a0-273-g3d7ae589ec (webtiles) character file.

301 Edwin the Shield-Bearer (level 6, -2/53 HPs)
             Began as a Gnoll Fighter on Mar 13, 2018.
             Slain by Menkaure (13 damage)
             ... on level 4 of the Dungeon.
             The game lasted 00:04:07 (2525 turns).

Edwin the Shield-Bearer (Gnoll Fighter)             Turns: 2525, Time: 00:04:08

Health: -2/53      AC: 14    Str: 21    XL:     6   Next: 37%
Magic:  8/8        EV:  9    Int: 10    God:
Gold:   225        SH: 11    Dex: 14    Spells: 8/8 levels left

rFire    . . .     SeeInvis .   o - +2 mace (protect)
rCold    . . .     Gourm    .   c - +0 shield
rNeg     . . .     Faith    .   b - +0 scale mail
rPois    .         Spirit   .   (no helmet)
rElec    .         Reflect  .   (no cloak)
rCorr    .         Harm     .   (no gloves)
MR       .....                  (no boots)
Stlth    +.........             (no amulet)
HPRegen  0.17/turn              (no ring)
MPRegen  0.11/turn              (no ring)

@: protection aura
A: distributed training, fangs 1, strong nose
a: no special abilities


You were on level 4 of the Dungeon.
You were not hungry.

You visited 1 branch of the dungeon, and saw 4 of its levels.

You collected 225 gold pieces.

Inventory:

Hand Weapons
 a - a +0 flail
 o - a +2 mace of protection (weapon)
Missiles
 m - 20 bolts
 y - 35 arrows
Armour
 b - a +0 scale mail (worn)
 c - a +0 shield (worn)
Wands
 x - a wand of polymorph (15)
Scrolls
 e - a scroll of noise {unknown}
 j - 3 scrolls of teleportation {unknown}
 l - 3 scrolls of random uselessness {unknown}
 n - 3 scrolls of identify {unknown}
 q - a scroll of immolation {unknown}
 r - 2 scrolls of remove curse {unknown}
 u - a scroll of fog {unknown}
 w - a scroll of enchant weapon {unknown}
Potions
 d - a potion of might
 g - 2 potions of mutation {unknown}
 h - 4 potions of flight {unknown}
 i - a potion of haste {unknown}
 k - a potion of ambrosia {unknown}
 p - 2 potions of curing {unknown}
 s - a potion of brilliance {unknown}
 t - a potion of invisibility {unknown}
 v - a potion of cancellation {unknown}
Comestibles
 f - 6 rations
 z - 6 chunks of flesh


   Skills:
 + Level 6.8 Fighting
 + Level 1.9 Short Blades
 + Level 1.9 Long Blades
 + Level 1.9 Axes
 + Level 4.9 Maces & Flails
 + Level 1.9 Polearms
 + Level 1.9 Staves
 + Level 1.9 Slings
 + Level 1.9 Bows
 + Level 1.9 Crossbows
 + Level 1.9 Throwing
 + Level 6.8 Armour
 + Level 1.9 Dodging
 + Level 1.9 Stealth
 + Level 6.8 Shields
 + Level 1.9 Unarmed Combat
 + Level 1.9 Spellcasting
 + Level 1.5 Conjurations
 + Level 1.5 Hexes
 + Level 1.5 Charms
 + Level 1.5 Summonings
 + Level 1.5 Necromancy
 + Level 1.5 Translocations
 + Level 1.5 Transmutations
 + Level 1.5 Fire Magic
 + Level 1.5 Ice Magic
 + Level 1.5 Air Magic
 + Level 1.5 Earth Magic
 + Level 1.5 Poison Magic
 + Level 2.1 Invocations
 + Level 1.9 Evocations


You had 8 spell levels left.
You didn't know any spells.

Dungeon Overview and Level Annotations

Branches:
Dungeon (4/15)
 Temple: D:4-7

Altars:
Elyvilon
Sif Muna
Xom

Annotations:
D:4 Menkaure


Innate Abilities, Weirdness & Mutations

Your experience applies equally to all skills.
You have very sharp teeth.
Your uncanny sense of smell can sniff out nearby items.


Message History

You sock Menkaure!
Your weapon exudes an aura of protection.
Menkaure is heavily damaged.
Menkaure hits you.
You hit Menkaure but do no damage.
Menkaure is heavily damaged.
Menkaure hits you.
You hit Menkaure.
Menkaure is heavily damaged.
Menkaure's bandages flutter.
You block Menkaure's attack.
You hit Menkaure.
Menkaure is heavily damaged.
Menkaure blazes with dark energy!
Menkaure hits you!
* * * LOW HITPOINT WARNING * * *
You thump Menkaure!
Menkaure is almost destroyed.
Menkaure hits you!
You die...

### ..# #.# ##
###.# #.
##.#.# #.
##.#..# #.
##.###.### #.
.########.##
##..######.
......M@.##
##........
!########.#
##..###.###
..###....##.#
##.#.#.#.##.##
#.....#.....##
#...####......
#.....#.....##
#..#..#.....#
#
#.......###.#


You could see Menkaure.

Vanquished Creatures
  A hound (D:4)
  2 orc priests
  An iguana (D:4)
  Ijyb (D:4)
  An orc wizard (D:3)
  5 adders
  An ooze (D:1)
  2 worms
  A dart slug (D:1)
  3 leopard geckos
  13 orcs
  6 bats
  2 giant cockroaches
  6 hobgoblins
  3 jackals (D:4)
  5 frilled lizards
  6 goblins
  4 kobolds
  12 rats
75 creatures vanquished.

Notes
Turn   | Place    | Note
-------+----------+-------------------------------------------
     0 | D:1      | Edwin the Gnoll Fighter began the quest for the Orb.
     0 | D:1      | Reached XP level 1. HP: 23/23 MP: 1/1
   277 | D:1      | Reached XP level 2. HP: 29/29 MP: 2/2
   412 | D:1      | Reached XP level 3. HP: 29/35 MP: 3/3
   751 | D:2      | Reached skill level 1 in Invocations
   774 | D:2      | Reached skill level 1 in Short Blades
   774 | D:2      | Reached skill level 1 in Long Blades
   774 | D:2      | Reached skill level 1 in Axes
   774 | D:2      | Reached skill level 1 in Polearms
   774 | D:2      | Reached skill level 1 in Staves
   774 | D:2      | Reached skill level 1 in Slings
   774 | D:2      | Reached skill level 1 in Bows
   774 | D:2      | Reached skill level 1 in Crossbows
   774 | D:2      | Reached skill level 1 in Throwing
   774 | D:2      | Reached skill level 1 in Dodging
   774 | D:2      | Reached skill level 1 in Stealth
   774 | D:2      | Reached skill level 1 in Unarmed Combat
   774 | D:2      | Reached skill level 1 in Spellcasting
   774 | D:2      | Reached skill level 1 in Evocations
   774 | D:2      | Reached XP level 4. HP: 37/41 MP: 5/5
   865 | D:2      | Reached skill level 1 in Conjurations
   865 | D:2      | Reached skill level 1 in Hexes
   865 | D:2      | Reached skill level 1 in Charms
   865 | D:2      | Reached skill level 1 in Summonings
   865 | D:2      | Reached skill level 1 in Necromancy
   865 | D:2      | Reached skill level 1 in Translocations
   865 | D:2      | Reached skill level 1 in Transmutations
   865 | D:2      | Reached skill level 1 in Fire Magic
   865 | D:2      | Reached skill level 1 in Ice Magic
   865 | D:2      | Reached skill level 1 in Air Magic
   865 | D:2      | Reached skill level 1 in Earth Magic
   865 | D:2      | Reached skill level 1 in Poison Magic
  1588 | D:3      | Found a shimmering altar of Xom.
  1614 | D:3      | Reached XP level 5. HP: 47/47 MP: 6/6
  2211 | D:4      | Reached XP level 6. HP: 50/53 MP: 8/8
  2267 | D:4      | Noticed Ijyb
  2333 | D:4      | Killed Ijyb
  2368 | D:4      | Found a deep blue altar of Sif Muna.
  2369 | D:4      | Found a white marble altar of Elyvilon.
  2516 | D:4      | Noticed Menkaure
  2525 | D:4      | Slain by Menkaure

Vault maps used:
D:1:      evilmike_arrival_run_for_it
D:2:      first_ration, bh_chokoban, minmay_domino_4, uniq_robin
D:3:      lemuel_doored_altar, kennysheep_generic_room_11
D:4:      gammafunk_temple_overflow_statue, gammafunk_temple_overflow_wave,
          serial_bayou_pond_e, minivault_27, uniq_menkaure, uniq_ijyb

Skill      XL: |  1  2  3  4  5  6 |
---------------+-------------------+-----
Invocations    | 1 2 |  2.1
Short Blades   | 1 |  1.9
Long Blades    | 1 |  1.9
Axes           | 1 |  1.9
Polearms       | 1 |  1.9
Staves         | 1 |  1.9
Slings         | 1 |  1.9
Bows           | 1 |  1.9
Crossbows      | 1 |  1.9
Throwing       | 1 |  1.9
Dodging        | 1 |  1.9
Stealth        | 1 |  1.9
Unarmed Combat | 1 |  1.9
Spellcasting   | 1 |  1.9
Evocations     | 1 |  1.9
Conjurations   | 1 |  1.5
Hexes          | 1 |  1.5
Charms         | 1 |  1.5
Summonings     | 1 |  1.5
Necromancy     | 1 |  1.5
Translocations | 1 |  1.5
Transmutations | 1 |  1.5
Fire Magic     | 1 |  1.5
Ice Magic      | 1 |  1.5
Air Magic      | 1 |  1.5
Earth Magic    | 1 |  1.5
Poison Magic   | 1 |  1.5
Fighting       | |  6.8
Maces & Flails | |  4.9
Armour         | |  6.8
Shields        | |  6.8

Action                   |  1- 3 |  4- 6 || total
-------------------------+-------+-------++-------
Melee: Flail             |    66 |    18 ||    84
       Bite              |     6 |    17 ||    23
       Mace              |       |   116 ||   116
  Eat: Chunk             |       |     5 ||     5
Armor: Scale mail        |    28 |    31 ||    59
       Skin              |       |     5 ||     5
Dodge: Dodged            |    19 |    28 ||    47
Block: Shield            |    40 |    52 ||    92

Table legend:
 A = Spawn XP
 B = Non-spawn XP
 C = Spawn XP percentage of total XP
 D = Spawn monster count
 E = Non-spawn monster count
 F = Spawn count percentage of total count
 G = Total turns spent on level
                    A         B        C        D         E        F      G
               +---------+---------+-------+---------+---------+-------+---------
         Total |       0 |     431 |   0.0 |       0 |      75 |   0.0 |  2525
               +---------+---------+-------+---------+---------+-------+---------
           D:1 |       0 |      46 |   0.0 |       0 |      23 |   0.0 |   659
           D:2 |       0 |      96 |   0.0 |       0 |      18 |   0.0 |   882
           D:3 |       0 |     151 |   0.0 |       0 |      26 |   0.0 |   605
           D:4 |       0 |     138 |   0.0 |       0 |       8 |   0.0 |   379
               +---------+---------+-------+---------+---------+-------+---------
